 Dungeon Crawl Stone Soup version 0.31.0-32-g396128a36d (webtiles) character file.

Game seed: 10235739945032840470

241710 Saint1 the Tortoise (level 19, -3/181 HPs)
             Began as a Minotaur Fighter on Mar 20, 2024.
             Was an Initiate of Gozag.
             Shot with an arrow by a naga sharpshooter (21 damage)
             ... on level 4 of the Snake Pit.
             The game lasted 02:09:45 (33891 turns).

Saint1 the Tortoise (Minotaur Fighter)             Turns: 33891, Time: 02:09:47

Health: -3/181     AC: 37    Str: 27    XL:     19   Next: 8%
Magic:  18/18      EV: 14    Int: 11    God:    Gozag
Gold:   5681       SH: 32    Dex: 23    Spells: 18/18 levels left

rFire   . . .        y - +4 broad axe (heavy)
rCold   + . .        t - +3 tower shield {reflect}
rNeg    + . .        E - +3 plate armour {rC+}
rPois   +            a - +0 mask of the Dragon {Will+ Slay+3 SInv}
rElec   .            Z - +2 cloak {rPois}
rCorr   +            w - +2 pair of gloves of Ziakh {^Contam rN+ Dex+3 Slay+2}
SInv    +            B - +1 pair of boots of Lesser Demons {rPois Str-2 Int+3 Dex+5}
Will    ++++.        j - amulet of reflection Stlth
                     R - ring "Alulil" {rPois rCorr}
HPRegen 0.50/turn    P - ring "Joarch" {Will++ AC+4 Str+2 Int+3 Dex+3}
MPRegen 0.16/turn

%: reflection
@: about to teleport, weakened, gold aura, constricted
A: horns 2, retaliatory headbutt
}: 1/15 runes: barnacled
a: Renounce Religion, Potion Petition, Call Merchant, Bribe Branch


You were on level 4 of the Snake Pit.
You worshipped Gozag.
Gozag was greatly pleased with you.
You visited 6 branches of the dungeon, and saw 28 of its levels.
You also visited: Ossuary and Gauntlet.

You collected 14768 gold pieces.
You spent 6753 gold pieces at shops.
You paid 2334 gold pieces to Gozag.

Inventory:

Hand Weapons
 n - a +3 broad axe of flaming
 y - a +4 heavy broad axe (weapon)
Missiles
 K - 10 throwing nets (quivered)
Armour
 a - the +0 mask of the Dragon (worn) {Will+ Slay+3 SInv}
   (You bought it in a shop on level 4 of the Lair of Beasts)

   Slay+3:    It affects your accuracy & damage with ranged weapons and melee
   (+3).
   Will+:     It increases your willpower.
   SInv:      It lets you see invisible.
 t - a +3 tower shield of reflection (worn)
 w - the +2 pair of gloves of Ziakh (worn) {^Contam rN+ Dex+3 Slay+2}
   (You bought it in a shop on level 1 of the Dungeon)

   Dex+3:     It affects your dexterity (+3).
   Slay+2:    It affects your accuracy & damage with ranged weapons and melee
   (+2).
   rN+:       It protects you from negative energy.
   ^Contam:   It causes magical contamination when unequipped.
 B - the +1 pair of boots of Lesser Demons (worn) {rPois Str-2 Int+3 Dex+5}
   (You found it on level 5 of the Lair of Beasts)

   Str-2:     It affects your strength (-2).
   Int+3:     It affects your intelligence (+3).
   Dex+5:     It affects your dexterity (+5).
   rPois:     It protects you from poison
 E - a +3 plate armour of cold resistance (worn)
 S - the +5 Storm Queen's Shield {shock, Fly rElec}
   (You found it in a Gauntlet)

   Shock:     When it blocks an attack, it may electrocute the attacker.
   This works even against foes who are a short distance away.
   rElec:     It insulates you from electricity.
   Fly:       It grants you flight.
 Y - a +3 plate armour of fire resistance
 Z - a +2 cloak of poison resistance (worn)
Jewellery
 c - the ring of Talog {Will+ rCorr Str+3 Dex-5}
   (You bought it in a shop on level 2 of the Orcish Mines)

   [ring of willpower]

   Str+3:     It affects your strength (+3).
   Dex-5:     It affects your dexterity (-5).
   Will+:     It increases your willpower.
   rCorr:     It protects you from acid and corrosion.
 i - the ring "Ytopn" {Will+ AC+4 Stlth+}
   (You found it on level 4 of the Snake Pit)

   [ring of protection]

   AC+4:      It affects your AC (+4).
   Will+:     It increases your willpower.
   Stlth+:    It makes you more stealthy.
 j - an amulet of reflection (around neck)
 l - a +6 ring of strength
 D - the ring of Ocwaph {rC+ Dex+5}
   (You bought it in a shop on level 6 of the Dungeon)

   [ring of protection from cold]

   Dex+5:     It affects your dexterity (+5).
   rC+:       It protects you from cold.
 P - the ring "Joarch" (right hand) {Will++ AC+4 Str+2 Int+3 Dex+3}
   (You found it in a Gauntlet)

   [ring of protection]

   AC+4:      It affects your AC (+4).
   Str+2:     It affects your strength (+2).
   Int+3:     It affects your intelligence (+3).
   Dex+3:     It affects your dexterity (+3).
   Will++:    It greatly increases your willpower.
 R - the ring "Alulil" (left hand) {rPois rCorr}
   (You found it in a Gauntlet)

   [ring of resist corrosion]

   rPois:     It protects you from poison rCorr: It protects you from acid and
   corrosion.
 X - the amulet "Joboadyzuy" {Spirit Will+ rCorr}
   (You found it on level 4 of the Shoals)

   [amulet of guardian spirit]

   Spirit:    It causes incoming damage to be divided between your reserves of
   health and magic.
   Will+:     It increases your willpower.
   rCorr:     It protects you from acid and corrosion.
Wands
 g - a wand of roots (21)
 o - a wand of polymorph (4)
 Q - a wand of flame (24)
 U - a wand of digging (13)
Scrolls
 f - 3 scrolls of fear
 r - 9 scrolls of teleportation
 H - 2 scrolls of brand weapon
 J - 11 scrolls of identify
 N - a scroll of blinking
Potions
 b - a potion of ambrosia
 d - 12 potions of might
 h - 4 potions of haste
 k - 3 potions of attraction {unknown}
 p - 14 potions of curing
 q - 2 potions of lignification
 v - 2 potions of berserk rage
 A - 3 potions of heal wounds
 G - a potion of resistance
 I - 4 potions of mutation
 O - 4 potions of invisibility
Miscellaneous
 F - a box of beasts
 L - a phial of floods
 M - a tin of tremorstones (2/2)


   Skills:
 * Level 18.8 Fighting
 * Level 20.3 Axes
 * Level 20.6 Armour
 * Level 13.2 Dodging
 * Level 20.6 Shields


You had 18 spell levels left.
You didn't know any spells.
Your spell library contained the following spells:

 Spells                   Type           Power      Damage    Failure   Level
 Apportation              Tloc           0%         N/A       94%         1
 Sandblast                Erth           0%         2d4       94%         1
 Ensorcelled Hibernation  Hex/Ice        0%         N/A       98%         2
 Jinxbite                 Hex            0%         N/A       98%         2
 Mercury Vapours          Alch/Air       0%         N/A       98%         2
 Call Canine Familiar     Summ           0%         N/A       100%        3
 Fugue of the Fallen      Necr           0%         N/A       100%        3
 Inner Flame              Hex/Fire       0%         N/A       100%        3
 Mephitic Cloud           Conj/Alch/Air  0%         N/A       100%        3
 Passwall                 Erth           0%         N/A       100%        3
 Sigil of Binding         Hex            0%         N/A       100%        3
 Stone Arrow              Conj/Erth      0%         3d7       100%        3
 Swiftness                Air            0%         N/A       100%        3
 Anguish                  Hex/Necr       0%         N/A       100%        4
 Animate Armour           Summ/Erth      0%         N/A       100%        4
 Brom's Barrelling Bould  Conj/Erth      0%         2d3       100%        4
 Cause Fear               Hex            0%         N/A       100%        4
 Dimensional Bullseye     Hex/Tloc       0%         N/A       100%        4
 Flame Wave               Conj/Fire      0%         2d4       100%        4
 Petrify                  Alch/Erth      0%         N/A       100%        4
 Sticky Flame             Fire/Alch      0%         2d4       100%        4
 Summon Lightning Spire   Summ/Air       0%         N/A       100%        4
 Vhi's Electric Charge    Tloc/Air       0%         N/A       100%        4
 Alistair's Intoxication  Alch           0%         N/A       100%        5
 Freezing Cloud           Conj/Ice/Air   0%         6-21      100%        5
 Iskenderun's Battlesphe  Conj           0%         2d6       100%        5
 Lee's Rapid Deconstruct  Erth           0%         3d4*      100%        5
 Silence                  Hex/Air        0%         N/A       100%        5
 Bombard                  Conj/Erth      0%         9d1       100%        6
 Enfeeble                 Hex            0%         N/A       100%        7
 Spellforged Servitor     Conj/Summ      0%         N/A       100%        7
 Lehudib's Crystal Spear  Conj/Erth      0%         10d2      100%        8


Dungeon Overview and Level Annotations

Branches:
Dungeon (12/15)            Temple (1/1) D:4            Lair (5/5) D:9
 Shoals (4/4) Lair:2        Snake (4/4) Lair:2        Slime (0/5) Lair:4
    Orc (2/2) D:12            Elf (0/3) Orc:2       Ossuary (visited)
Gauntlet (visited)

Altars:
Ashenzari
Cheibriados
Dithmenos
Elyvilon
Fedhas
Gozag
Hepliaklqana
Kikubaaqudgha
Makhleb
Nemelex Xobeh
Okawaru
Qazlal
Ru
Sif Muna
Trog
Uskayaw
Vehumet
Wu Jian
Xom
Yredelemnul
Zin
The Shining One
Jiyva

Shops:
D:1 [[*!   D:6 =   D:12 [[?   Orc:2 ([*=   Lair:4 [   Shoals:1 *   Snake:3 *[:*
Snake:4 !


Innate Abilities, Weirdness & Mutations

You have a pair of horns on your head.
You reflexively headbutt those who attack you in melee.


Message History

The salamander tyrant gazes fiercely through you!
You feel as though you will be weak longer.
The salamander tyrant hits you but does no damage.
The anaconda bites you but does no damage.
As you read the scroll of teleportation, it crumbles to dust.
You feel strangely unstable. You block the anaconda's attack.
You block the nagaraja's attack. You block the naga mage's attack.
You block the anaconda's attack. The naga barely misses you.
You furiously retaliate!
You headbutt the naga. The naga constricts you.
A salamander mystic comes into view. It is wielding a +0 quarterstaff.
The anaconda bites you but does no damage.
The naga sharpshooter casts a spell.
The naga sharpshooter magically shoots an arrow.
The arrow misses you.
The anaconda bites you but does no damage.
The nagaraja spits poison at you. The splash of poison misses you.
The splash of poison hits the anaconda.
The anaconda is poisoned.
The naga mage hits you but does no damage.
The salamander tyrant hits you but does no damage.
You barely miss the nagaraja.
The nagaraja is moderately wounded.
You hit the anaconda but do no damage. You slice the naga!!
You kill the naga!
You barely miss the anaconda. You slash the naga sharpshooter!
You hit the salamander tyrant. You closely miss the anaconda.
You block the anaconda's attack.
The anaconda bites you but does no damage.
You block the anaconda's attack. x3; The anaconda bites you.
* * * LOW HITPOINT WARNING * * *
The nagaraja hits you with a +0 halberd!!
* * * LOW HITPOINT WARNING * * *
The nagaraja grabs you. The nagaraja constricts you.
The naga mage hits you but does no damage.
The anaconda bites you but does no damage.
The anaconda bites you!
* * * LOW HITPOINT WARNING * * *
The naga sharpshooter shoots an arrow.
The arrow hits you!!
You die...
Your body crumbles into a pile of gold.

#.....#..$..#.# #.#..#
S.#####.#.$#))#.## #.....
..N#. #.#..#..#..#####...
......#.#..#[.#..........
ยง.N...#.#..#.....###.....
....###.$#.....# #...##
#N..##..#....## ###.##
#..S#NS.#...## #..#.
#.NSS@N.##..# #....
##.NNS$###### ##.##.
#######....##.## #..###
###..##.##..##...#
###..###
######...###.#####....#
##......# #........# #.#
###....###..####..
#....##.####.#
#...#..#...## #.
#....##.###..#
#...##.#...# ##
###......##.##
#.).##.#...# #


You could see a nagaraja (fast, catching breath), a naga warrior, a naga
sharpshooter (curare), a salamander tyrant, a salamander mystic, 3 anacondas, a
shock serpent, a guardian serpent, a naga mage (fast) and a naga.

Vanquished Creatures
  Vashnia (Snake:3)
  Jorgrun (Snake:2)
  Mlioglotl (Snake:3)
  2 acid blobs (Lair:5)
  3 krakens
  Polyphemus (Shoals:2)
  Aizul (Snake:1)
  6 azure jellies (Lair:5)
  5 nagarajas
  Ilsuiw (Shoals:2)
  A frost giant (Shoals:4)
  2 orc warlords
  2 quicksilver oozes (Lair:5)
  A formless jellyfish (Shoals:4)
  The ghost of brilapsti the Marksdraconian, a journeyman DrCj of Vehumet (Lair:5)
  Nessos (Lair:5)
  The ghost of Liamsmithers the Severer, a journeyman MiFi of the Shining One (D:12)
  A minotaur (Gauntlet)
  Snorg (Lair:5)
  11 merfolk javelineers
  10 merfolk impalers
  Fannar (Orc:1)
  4 hydras
  Harold (D:10)
  2 salamander tyrants (Snake:4)
  Erica (Lair:2)
  An alligator snapping turtle (Shoals:4)
  5 catoblepae
  7 merfolk avatars
  10 anacondas
  15 death yaks
  5 merfolk aquamancers
  2 two-headed ogres
  A boulder beetle (D:9)
  6 satyrs
  20 naga warriors
  A tengu warrior (D:12)
  16 naga sharpshooters
  3 orc high priests
  7 shock serpents
  The ghost of Byedia the Destroyer, a journeyman DECj of Sif Muna (Orc:1)
  Amaemon (Lair:2)
  7 skysharks
  16 sea snakes
  2 salamander mystics (Snake:4)
  4 naga ritualists
  A kraken simulacrum (Shoals:4)
  7 mana vipers
  A deep elf archer (Orc:1)
  A deep elf pyromancer (D:12)
  32 harpies
  7 orc knights
  3 oklob plants (Lair:4)
  23 manticores
  22 fauns
  7 orc sorcerers
  14 salamanders
  3 cyclopes
  Maurice (D:10)
  A moth of wrath (Gauntlet)
  8 merfolk sirens
  6 elephants
  6 kobold blastminers
  13 guardian serpents
  9 water nymphs
  16 naga magi
  10 cane toads
  27 black mambas
  5 torpor snails
  An unseen horror (D:10)
  Maggie (D:8)
  An orange demon (Lair:2)
  2 large abominations (Gauntlet)
  3 unseen horror zombies (D:9)
  3 rime drakes
  11 komodo dragons
  Psyche (D:11)
  A queen bee (Gauntlet)
  4 trolls
  44 merfolk
  3 wind drakes
  2 hornets
  A raiju (Gauntlet)
  7 dream sheep
  2 polar bears
  32 blink frogs
  9 snapping turtles
  A shadow (D:11)
  7 water elementals
  5 small abominations (Gauntlet)
  A wraith (D:12)
  12 slime creatures (D:12)
  8 wargs
  64 yaks
  6 wyverns
  A ynoxinul (D:12)
  3 steam dragons
  17 vampire mosquitoes
  6 basilisks
  A death yak simulacrum (Shoals:4)
  3 harpy simulacra (Shoals:4)
  13 water moccasins
  An acid dragon (D:11)
  39 nagas
  Duvessa (D:4)
  31 orc warriors
  2 sky beasts (D:7)
  3 ice beasts
  2 satyr simulacra (Shoals:4)
  23 wolves
  6 ogres
  14 centaurs
  2 elf zombies (Ossuary)
  2 phantoms
  3 kobold brigands
  Blork the orc (D:4)
  2 weeping skulls (Ossuary)
  22 bullfrogs
  3 scorpions
  A gnoll sergeant (D:12)
  A merfolk simulacrum (Shoals:4)
  7 faun simulacra (Shoals:4)
  7 wights
  Dowan (D:4)
  2 snapping turtle simulacra (Shoals:4)
  2 manticore simulacra (Shoals:4)
  14 killer bees
  4 howler monkeys
  3 centaur zombies (D:9)
  A bombardier beetle (D:5)
  3 hounds
  23 orc priests
  A cyclops simulacrum (Shoals:4)
  A gnoll bouda (D:6)
  A human zombie (Ossuary)
  An iguana (D:6)
  31 orc wizards
  4 centaur simulacra (Shoals:4)
  2 mummies (Ossuary)
  A howler monkey zombie (D:9)
  8 adders
  14 gnolls
  2 shadow imps
  2 ufetubi (D:5)
  2 adder zombies (Ossuary)
  6 ribbon worms
  3 dart slugs
  68 orcs
  7 bats
  3 endoplasms
  12 giant cockroaches
  5 goblins
  4 hobgoblins
  7 jackals
  20 kobolds
  4 quokkas
  9 ball pythons
  4 frilled lizards
  7 rats
  9 tentacles
1156 creatures vanquished.

Vanquished Creatures (others)
  A merfolk aquamancer (Shoals:4)
  A manticore (Shoals:4)
  A human (D:9)
  A phantom (D:7)
  An orc wizard (D:12)
  An orc (Orc:1)
  8 tentacles
14 creatures vanquished.

Grand Total: 1170 creatures vanquished

Notes
Turn   | Place    | Note
-------+----------+-------------------------------------------
     0 | D:1      | Saint1 the Minotaur Fighter began the quest for the Orb.
     0 | D:1      | Reached XP level 1. HP: 19/19 MP: 0/0
    45 | D:1      | Found Tyteerat's Armour Shop.
    81 | D:1      | Found a faded altar of an unknown god.
   110 | D:1      | Found Uduwut's General Store.
   165 | D:1      | Found Fovuuxt's Armour Shop.
   190 | D:1      | Reached XP level 2. HP: 27/27 MP: 1/1
   385 | D:1      | Found Deinupn's Distillery.
   759 | D:1      | Bought a +0 kite shield for 63 gold pieces
   852 | D:2      | Identified the +0 pair of gloves of Naghyt {Dex+3}
  1080 | D:2      | Reached XP level 3. HP: 33/33 MP: 2/2
  1184 | D:2      | Found an iron altar of Okawaru.
  1263 | D:2      | Reached XP level 4. HP: 40/41 MP: 3/3
  1579 | D:1      | Bought a +0 pair of boots for 49 gold pieces
  2012 | D:3      | Found a shadowy altar of Dithmenos.
  2081 | D:3      | Found a basalt altar of Yredelemnul.
  2083 | D:3      | Found a sacrificial altar of Ru.
  2207 | D:3      | Reached skill level 5 in Axes
  2958 | D:4      | Reached skill level 5 in Fighting
  2958 | D:4      | Reached XP level 5. HP: 46/48 MP: 4/4
  2998 | D:4      | Found a sand-covered staircase.
  3011 | Ossuary  | Entered an ossuary
  3011 | Ossuary  | Found a huge runed translucent gate.
  3011 | Ossuary  | Found a huge runed translucent gate.
  3011 | Ossuary  | Found a huge runed translucent gate.
  3011 | Ossuary  | Found a huge runed translucent gate.
  3011 | Ossuary  | Found a huge runed translucent gate.
  3011 | Ossuary  | Found a huge runed translucent gate.
  3011 | Ossuary  | Found a huge runed translucent gate.
  3011 | Ossuary  | Found a huge runed translucent gate.
  3011 | Ossuary  | Found a huge runed translucent gate.
  3012 | Ossuary  | Found a huge runed translucent gate.
  3012 | Ossuary  | Found a huge runed translucent gate.
  3013 | Ossuary  | Found a huge runed translucent gate.
  3013 | Ossuary  | Found a huge runed translucent gate.
  3015 | Ossuary  | Found a huge runed translucent gate.
  3015 | Ossuary  | Found a huge runed translucent gate.
  3018 | Ossuary  | Found a huge runed translucent gate.
  3018 | Ossuary  | Found a huge runed translucent gate.
  3018 | Ossuary  | Found a huge runed translucent gate.
  3018 | Ossuary  | Found a huge runed translucent gate.
  3018 | Ossuary  | Found a huge runed translucent gate.
  3019 | Ossuary  | Found a huge runed translucent gate.
  3019 | Ossuary  | Found a huge runed translucent gate.
  3024 | Ossuary  | Found a huge runed translucent gate.
  3024 | Ossuary  | Found a huge runed translucent gate.
  3025 | Ossuary  | Found a huge runed translucent gate.
  3025 | Ossuary  | Found a huge runed translucent gate.
  3026 | Ossuary  | Found a huge runed translucent gate.
  3026 | Ossuary  | Found a huge runed translucent gate.
  3032 | Ossuary  | Found a huge runed translucent gate.
  3032 | Ossuary  | Found a huge runed translucent gate.
  3035 | Ossuary  | Found a huge runed translucent gate.
  3035 | Ossuary  | Found a huge runed translucent gate.
  3035 | Ossuary  | Found a huge runed translucent gate.
  3035 | Ossuary  | Found a huge runed translucent gate.
  3045 | Ossuary  | Reached XP level 6. HP: 45/56 MP: 5/5
  3067 | Ossuary  | Found a huge runed translucent gate.
  3228 | D:4      | Found a staircase to the Ecumenical Temple.
  3230 | D:4      | Noticed Blork the orc
  3239 | D:4      | Killed Blork the orc
  3240 | D:4      | Reached XP level 7. HP: 60/64 MP: 6/6
  3258 | Temple   | Entered the Ecumenical Temple
  3271 | Temple   | Became a worshipper of Gozag Ym Sagoz the Greedy
  3329 | D:4      | Noticed Duvessa
  3349 | D:4      | Killed Duvessa
  3349 | D:4      | Noticed Dowan
  3799 | D:4      | Killed Dowan
  4118 | D:4      | Found a stormy altar of Qazlal.
  4293 | D:5      | Entered Level 5 of the Dungeon
  4594 | D:5      | Reached XP level 8. HP: 71/73 MP: 7/7
  4635 | D:5      | Found a shimmering altar of Xom.
  5067 | D:1      | Bought the +2 pair of gloves of Ziakh {^Contam rN+ Dex+3
                  | Slay+2} for 487 gold pieces
  5181 | D:3      | Found a radiant altar of Vehumet.
  5183 | D:3      | Found a burning altar of Makhleb.
  5337 | D:6      | Found Qelukke's Jewellery Boutique.
  5496 | D:6      | Reached skill level 5 in Armour
  5496 | D:6      | Reached skill level 5 in Shields
  5558 | D:6      | Reached skill level 10 in Axes
  6369 | D:7      | Reached XP level 9. HP: 81/81 MP: 8/8
  6460 | D:7      | Found a blossoming altar of Fedhas.
  7575 | D:8      | Reached XP level 10. HP: 89/91 MP: 9/9
  7873 | D:8      | Noticed Maggie
  7879 | D:8      | Killed Maggie
  8306 | D:6      | Bought the ring of Ocwaph {rC+ Dex+5} for 425 gold pieces
  8306 | D:6      | Bought an amulet of the acrobat for 300 gold pieces
  8518 | D:9      | Noticed a boulder beetle
  8542 | D:9      | Killed a boulder beetle
  8543 | D:9      | Reached skill level 10 in Fighting
  8740 | D:9      | Found a staircase to the Lair.
  8877 | D:9      | Reached XP level 11. HP: 93/101 MP: 10/10
  8904 | D:9      | Found an ancient bone altar of Kikubaaqudgha.
  9824 | D:1      | Bought a potion of ambrosia for 112 gold pieces
  9824 | D:1      | Bought a potion of might for 56 gold pieces
  9824 | D:1      | Bought a potion of curing for 42 gold pieces
  9824 | D:1      | Bought a potion of curing for 42 gold pieces
  9824 | D:1      | Bought 2 potions of heal wounds for 140 gold pieces
 10032 | D:10     | Entered Level 10 of the Dungeon
 10235 | D:10     | Noticed Maurice
 10237 | D:10     | Paralysed by Maurice for 4 turns
 10248 | D:10     | Killed Maurice
 10369 | D:10     | Noticed a two-headed ogre
 10374 | D:10     | Killed a two-headed ogre
 10414 | D:10     | Noticed Harold
 10421 | D:10     | Killed Harold
 10539 | D:10     | Reached skill level 15 in Axes
 10591 | D:10     | Reached skill level 10 in Armour
 10592 | D:10     | Reached skill level 10 in Shields
 10936 | D:11     | Found a broken altar of Ashenzari.
 11027 | D:11     | Noticed Psyche
 11047 | D:11     | Killed Psyche
 11914 | Lair:1   | Entered Level 1 of the Lair of Beasts
 11930 | Lair:1   | Noticed a death yak
 11938 | Lair:1   | Reached XP level 12. HP: 111/111 MP: 11/11
 11940 | Lair:1   | Killed a death yak
 12278 | Lair:1   | Found a gate leading to a gauntlet.
 12293 | Gauntlet | Entered a Gauntlet
 12293 | Gauntlet | Found a transporter.
 12293 | Gauntlet | Found a transporter.
 12316 | Gauntlet | Found a transporter.
 12318 | Gauntlet | Found a transporter.
 12330 | Gauntlet | Found a transporter.
 12331 | Gauntlet | Found a transporter.
 12331 | Gauntlet | Found a transporter.
 12346 | Gauntlet | Found a transporter.
 12354 | Gauntlet | Found a transporter.
 12372 | Gauntlet | Found a transporter.
 12380 | Gauntlet | Found a transporter.
 12398 | Gauntlet | Found a transporter.
 12612 | Gauntlet | Identified the ring "Joarch" {Will++ AC+4 Str+2 Int+3
                  | Dex+3}
 12707 | Gauntlet | Identified the ring "Alulil" {rPois rCorr}
 12764 | Gauntlet | Found the +5 Storm Queen's Shield {shock, Fly rElec}
 12764 | Gauntlet | Noticed a minotaur
 12770 | Gauntlet | Killed a minotaur
 12782 | Gauntlet | Identified the staff of Beperit {rF+++ rN+ Will- rCorr
                  | Stlth+ Necro}
 13767 | Lair:2   | Noticed Amaemon
 13775 | Lair:2   | Killed Amaemon
 13779 | Lair:2   | Reached XP level 13. HP: 93/119 MP: 12/12
 13861 | Lair:2   | Noticed Erica
 13866 | Lair:2   | Killed Erica
 13893 | Lair:2   | Found a staircase to the Snake Pit.
 13903 | Lair:2   | Reached skill level 1 in Dodging
 14160 | Lair:2   | Found a staircase to the Shoals.
 15813 | Lair:4   | Found a staircase to the Slime Pits.
 15813 | Lair:4   | Found a viscous altar of Jiyva.
 16149 | Lair:4   | Reached XP level 14. HP: 130/130 MP: 13/13
 16964 | Lair:4   | Reached skill level 5 in Dodging
 16975 | Lair:4   | Bought a shiny plate armour for 468 gold pieces
 16997 | Lair:4   | Bought the +0 mask of the Dragon {Will+ Slay+3 SInv} for
                  | 601 gold pieces
 16997 | Lair:4   | Found the +0 mask of the Dragon {Will+ Slay+3 SInv}
 16997 | Lair:4   | Bought jewelled ice dragon scales for 1170 gold pieces
 16997 | Lair:4   | Identified the +0 ice dragon scales of Qairal {rF- rC++
                  | Str+6 Stlth+} (You bought it in a shop on level 4 of the
                  | Lair of Beasts)
 17158 | Lair:5   | Entered Level 5 of the Lair of Beasts
 17657 | Lair:5   | Reached skill level 15 in Armour
 17657 | Lair:5   | Reached skill level 15 in Shields
 17715 | Lair:5   | Noticed Nessos
 17721 | Lair:5   | Killed Nessos
 17917 | Lair:5   | Noticed Snorg
 17924 | Lair:5   | Killed Snorg
 18062 | Lair:5   | Found a runed translucent gate.
 18062 | Lair:5   | Noticed an acid blob
 18063 | Lair:5   | Found a runed translucent gate.
 18063 | Lair:5   | Found a runed translucent gate.
 18063 | Lair:5   | Noticed a quicksilver ooze
 18063 | Lair:5   | Noticed an azure jelly
 18063 | Lair:5   | Noticed an acid blob
 18063 | Lair:5   | Noticed an azure jelly
 18063 | Lair:5   | Noticed an azure jelly
 18065 | Lair:5   | Noticed an azure jelly
 18065 | Lair:5   | Noticed a quicksilver ooze
 18067 | Lair:5   | Noticed brilapsti's ghost (journeyman DrCj)
 18068 | Lair:5   | Noticed an azure jelly
 18068 | Lair:5   | Noticed an azure jelly
 18082 | Lair:5   | Found a viscous altar of Jiyva.
 18490 | Lair:5   | Killed an azure jelly
 18492 | Lair:5   | Killed an acid blob
 18831 | Lair:5   | Killed brilapsti's ghost
 18960 | Lair:5   | Killed an azure jelly
 18977 | Lair:5   | Killed an azure jelly
 18993 | Lair:5   | Killed an azure jelly
 19022 | Lair:5   | Killed an acid blob
 19023 | Lair:5   | Reached XP level 15. HP: 100/139 MP: 14/14
 19029 | Lair:5   | Identified the +1 pair of boots of Lesser Demons {rPois
                  | Str-2 Int+3 Dex+5}
 19127 | Lair:5   | Killed an azure jelly
 19130 | Lair:5   | Killed an azure jelly
 19758 | D:12     | Found Birruaf's Magic Scroll Emporium.
 19821 | D:12     | Bought a scroll of identify for 24 gold pieces
 19821 | D:12     | Bought a scroll of identify for 24 gold pieces
 19821 | D:12     | Bought a scroll of identify for 24 gold pieces
 19821 | D:12     | Bought a scroll of teleportation for 36 gold pieces
 19821 | D:12     | Bought a scroll of teleportation for 36 gold pieces
 19880 | D:12     | Found a staircase to the Orcish Mines.
 19897 | D:12     | Reached skill level 15 in Fighting
 19897 | D:12     | Found a runed translucent door.
 19897 | D:12     | Noticed Liamsmithers's ghost (journeyman MiFi)
 19995 | D:12     | Identified the +12 hand axe of Gallantry {elec, +Blink rF-
                  | MP+9 Int-3}
 20077 | D:12     | Killed Liamsmithers's ghost
 20500 | Orc:1    | Entered Level 1 of the Orcish Mines
 20500 | Orc:1    | Noticed Fannar
 20505 | Orc:1    | Killed Fannar
 20951 | Orc:1    | Identified the +9 scimitar of Indomitability {holy, Dex+5}
 21118 | Orc:1    | Found a runed translucent gate.
 21119 | Orc:1    | Noticed Byedia's ghost (journeyman DECj)
 21119 | Orc:1    | Found a runed translucent gate.
 21121 | Orc:1    | Found a runed translucent gate.
 21670 | Orc:1    | Identified the ring "Sojufifa" {Ice Int+4 Dex-4}
 21698 | Orc:1    | Killed Byedia's ghost
 21809 | Orc:2    | Entered Level 2 of the Orcish Mines
 22054 | Orc:2    | Found a staircase to the Elven Halls.
 22150 | Orc:2    | Found Tibes's Antique Weapon Shoppe.
 22680 | Orc:2    | Found Geudel's Antique Armour Shoppe.
 22699 | Orc:2    | Found Vaequ's Jewellery Shoppe.
 22710 | Orc:2    | Bought a +6 ring of strength for 468 gold pieces
 22710 | Orc:2    | Bought the ring of Talog {Will+ rCorr Str+3 Dex-5} for 434
                  | gold pieces
 22757 | Orc:2    | Bought a crude cloak for 237 gold pieces
 22757 | Orc:2    | Identified the +1 cloak of the Blacksmith {rElec rC+} (You
                  | bought it in a shop on level 2 of the Orcish Mines)
 22774 | Orc:2    | Found Zoilysch's General Store.
 23173 | Shoals:1 | Entered Level 1 of the Shoals
 23350 | Shoals:1 | Found Biklaub's Overcharged Wands.
 23510 | Shoals:1 | Reached XP level 16. HP: 150/150 MP: 15/15
 23806 | Shoals:1 | Identified the +5 rapier of Xacla {elec, rN+ Will+ Str+3
                  | Dex+2}
 24181 | Shoals:2 | Noticed Ilsuiw
 24203 | Shoals:2 | Killed Ilsuiw
 24711 | Shoals:2 | Noticed a kraken
 24716 | Shoals:2 | Killed a kraken
 24718 | Shoals:2 | Noticed Polyphemus
 24728 | Shoals:2 | Killed Polyphemus
 24996 | Shoals:2 | Noticed a kraken
 25002 | Shoals:2 | Killed a kraken
 26083 | Shoals:3 | Reached skill level 10 in Dodging
 26104 | Shoals:3 | Reached XP level 17. HP: 74/160 MP: 16/16
 26995 | Shoals:4 | Entered Level 4 of the Shoals
 27921 | Shoals:4 | Got a barnacled rune of Zot
 27944 | Shoals:4 | Found a runed translucent gate.
 27944 | Shoals:4 | Found a runed translucent gate.
 27944 | Shoals:4 | Found a runed translucent gate.
 28116 | Shoals:4 | Identified the amulet "Joboadyzuy" {Spirit Will+ rCorr}
 28127 | Shoals:4 | Identified a scroll of acquirement
 28127 | Shoals:4 | Acquired 595 gold pieces
 28349 | Shoals:4 | Identified the +10 triple sword "Ratofiu" {heavy, ^Drain
                  | rF+ rC+ Str+3}
 28574 | Shoals:4 | Noticed a kraken
 28583 | Shoals:4 | Killed a kraken
 29318 | Shoals:4 | Got the Papyrus of Altered Thunder
 29525 | Snake:1  | Entered Level 1 of the Snake Pit
 29579 | Snake:1  | Identified the serpent talisman of Makhleb's Indignation
                  | {rF+ Dex+3 Stlth-}
 29579 | Snake:1  | Noticed Aizul
 29590 | Snake:1  | Killed Aizul
 29742 | Snake:1  | You are sucked into a shaft and drop 1 floor!
 29746 | Snake:2  | Noticed Jorgrun
 29748 | Snake:2  | Reached XP level 18. HP: 171/171 MP: 17/17
 29764 | Snake:2  | Killed Jorgrun
 30671 | Snake:3  | Noticed Mlioglotl
 30676 | Snake:3  | Noticed a bone dragon
 30902 | Snake:3  | Killed Mlioglotl
 30909 | Snake:3  | Noticed Vashnia
 30927 | Snake:3  | Killed Vashnia
 31014 | Snake:3  | Found Ymeyme Ziyw's Magic Scroll Boutique.
 31107 | Snake:3  | Found Optell's Assorted Antiques.
 31119 | Snake:3  | Bought a translucent plate armour for 1008 gold pieces
 31119 | Snake:3  | Identified the +0 plate armour "Jalaf" {Str+5 Dex+4} (You
                  | bought it in a shop on level 3 of the Snake Pit)
 31325 | Snake:3  | Found Qezud's Book Emporium.
 31393 | Snake:3  | Found Yruahif's Assorted Antiques.
 31454 | Snake:3  | Bought a scroll of enchant armour for 255 gold pieces
 31562 | Snake:3  | Found Voumuod's Armour Shoppe.
 32641 | Snake:4  | Entered Level 4 of the Snake Pit
 33397 | Snake:4  | Identified the ring "Ytopn" {Will+ AC+4 Stlth+}
 33680 | Snake:4  | Found Akhafol's Distillery.
 33684 | Snake:4  | Bought a potion of ambrosia for 96 gold pieces
 33684 | Snake:4  | Bought a potion of curing for 36 gold pieces
 33684 | Snake:4  | Bought a potion of might for 48 gold pieces
 33684 | Snake:4  | Bought 2 potions of curing for 72 gold pieces
 33846 | Snake:4  | Reached XP level 19. HP: 181/181 MP: 18/18
 33891 | Snake:4  | Shot with an arrow by a naga sharpshooter

Illustrated notes

Levels and vault maps discovered:
D:1:      scummos_arrival_forest, layout_loops_ring, serial_shops, shop, shop,
          nicolae_shop_statue_plus, shop, basic_ecumenical_altar,
          dk_noncrumbling_4, grunt_decor_one_mirror
D:2:      layout_rooms, basic_altar
D:3:      minmay_roachtagon, layout_loops_ring, nicolae_overflow_hidden_temple,
          grunt_dithmenos_smoke_and_mirrors, serial_forest,
          infiniplex_forest_3_way, infiniplex_forest_lined_room_2,
          infiniplex_forest_lined_corner, infiniplex_forest_lined_3,
          infiniplex_forest_clump_C, infiniplex_forest_clump_tiny,
          infiniplex_forest_lined_3, infiniplex_forest_side_room
D:4:      layout_loops_ring, marbit_many_paths, minmay_temple_entry_slanted,
          mainiacjoe_ossuary_entry_dusty_tomb, kennysheep_another_room,
          minmay_door_square, uniq_duvessa, uniq_blork_the_orc
D:5:      layout_cave_pools, regret_index_xom_buried_treasure,
          hangedman_decor_points
D:6:      layout_cave_pods, serial_shops, nicolae_inconvenience_store
D:7:      layout_loops_cross, fedhas_altar_1, lemuel_flamethrower_2
D:8:      minmay_recursive_quarters, layout_cave_pods, uniq_maggie
D:9:      layout_loops_ring, tgw_kikubaaqudgha, minmay_lair_entry_grove,
          serial_undead, serial_undead_c, serial_undead_d, serial_undead_b,
          serial_undead_b, serial_undead_c
D:10:     minmay_inner_zag, layout_small_grid, uniq_maurice, uniq_harold
D:11:     layout_long_grid, ashenzari_conservatory_becter, uniq_psyche
D:12:     layout_rooms, orc_0_dummy, hellmonk_ghost_big_iron, serial_shops,
          shop, minmay_quadrilaterals
Temple:   compressed_dpeg_triangle_lava_temple
Lair:1:   layout_misc_corridors, gauntlet_entry_generic, lemuel_fruit_tree,
          serial_bayou_shore_b, wad_woods_river_01
Lair:2:   layout_cave_shapes, mainiacjoe_shoals_entry_four_pools,
          minmay_snake_entry_guardpost_small, uniq_erica, uniq_amaemon
Lair:3:   cheibrodos_lair_river_kwai, layout_small_grid, grunt_megastairs_4
Lair:4:   nzn_winding_woodlands_stair_cross [nzn_winding_woodlands_5x15_cabin,
          nzn_winding_woodlands_center_diamonds,
          nzn_winding_woodlands_5x15_sawtooth, nzn_winding_woodlands_5x5_three,
          nzn_winding_woodlands_5x5_open_star,
          nzn_winding_woodlands_5x15_split_checker,
          nzn_winding_woodlands_center_triple_pond,
          nzn_winding_woodlands_5x15_pockets], layout_long_grid,
          minmay_slime_entry_oklob_open, hangedman_lair_unloving_vines,
          fungi_pond_lemuel, minmay_hedge_maze
Lair:5:   evilmike_catoblepas_cave, layout_cave_pods, gammafunk_ghost_ooze,
          grunt_megastairs_3, serial_bayou_shore_b, uniq_nessos, uniq_snorg
Shoals:1: cheibrodos_shoals_three_sisters, layout_shoals,
          nicolae_shop_overcharged_wands
Shoals:2: layout_shoals, uniq_ilsuiw, uniq_polyphemus
Shoals:3: cheibrodos_shoals_satyrical_garden, layout_shoals
Shoals:4: shoals_end_simple, layout_shoals, shoal_ilsuiw,
          nicolae_shoals_beach_cooler
Snake:1:  layout_cave_shapes, nicolae_snake_coiling_death,
          nicolae_triple_integral, uniq_aizul
Snake:2:  layout_concentric_octagons, hangedman_snake_corridor_cut, uniq_jorgrun
Snake:3:  layout_concentric_octagons, portal_ice_cave_entry_pillars_three,
          serial_shops, nicolae_shop_competitors_out_of_business, shop, shop,
          shop, minmay_shop_star, uniq_vashnia, uniq_mlioglotl
Snake:4:  grunt_snake_rune_serpentine_throne, layout_misc_corridors,
          serial_shops, shop, st_stairs_9
Orc:1:    minmay_goldmine, layout_caves, biasface_ghost_orc_armoury,
          statue_in_the_mist_lemuel, nicolae_orc_hostile_takeover, elf_legates,
          uniq_fannar
Orc:2:    grunt_orc_cross, layout_caves

Skill      XL: |  1  2  3  4  5  6  7  8  9 10 11 12 13 14 15 16 17 18 |
---------------+-------------------------------------------------------+-----
Axes           | 3 4 5 6 7 9 10 12 13 15 17 18 19 20 | 20.3
Fighting       | 4 5 6 7 8 9 10 11 12 13 14 15 16 17 18 | 18.8
Armour         | 4 5 7 8 10 11 13 15 17 18 19 20 | 20.6
Shields        | 4 5 7 8 10 11 13 15 17 18 19 20 | 20.6
Dodging        | 4 6 8 10 11 13 | 13.2

Action                     |  1- 3 |  4- 6 |  7- 9 | 10-12 | 13-15 | 16-18 | 19-21 || total
---------------------------+-------+-------+-------+-------+-------+-------+-------++-------
  Melee: War axe           |    73 |    23 |       |       |       |       |       ||    96
         Headbutt          |     7 |    21 |    34 |    55 |   139 |   205 |     4 ||   465
         Broad axe         |       |    91 |   182 |   277 |   589 |   780 |    24 ||  1943
         Unarmed           |       |       |       |    24 |       |       |       ||    24
 Invoke: Call Merchant     |       |       |       |       |     3 |       |       ||     3
    Use: Scroll            |       |     5 |    13 |     7 |     8 |     6 |     1 ||    40
         Potion            |       |       |       |     4 |     5 |     3 |     2 ||    14
   Stab: Distracted        |       |       |     3 |     7 |     7 |    13 |       ||    30
         Petrified         |       |       |       |       |     2 |       |       ||     2
 Armour: Scale mail        |    56 |   102 |   110 |       |       |       |       ||   268
         Plate armour      |       |       |    13 |   248 |   278 |   494 |    41 ||  1074
         Skin              |       |       |       |    34 |       |       |       ||    34
  Dodge: Dodged            |    32 |    55 |    63 |   166 |   116 |   260 |    19 ||   711
  Block: Buckler           |     7 |       |       |       |       |       |       ||     7
         Kite shield       |    19 |    58 |    91 |   304 |   721 |  1055 |       ||  2248
         Reflection        |       |       |       |       |    66 |   197 |     4 ||   267
         Tower shield      |       |       |       |       |       |   225 |    62 ||   287
